 Dungeon Sprint DCSS version 0.31-a0-750-gfe7b580527 (webtiles) character file.

Game seed: 15575640974938437714

5 rocky1 the Changeling (level 1, -3/13 HPs)
             Began as an Octopode Shapeshifter on Sept 15, 2023.
             Slain by an iguana (11 damage)
             ... in the Dungeon (Sprint IX: "|||||||||||||||||||||||||||||").
             The game lasted 00:00:33 (23 turns).

rocky1 the Changeling (Octopode Shapeshifter)         Turns: 23, Time: 00:00:34

Health: -3/13      AC:  1    Str: 13    XL:     1   Next: 80%
Magic:  1/1        EV: 13    Int: 12    God:
Gold:   0          SH:  0    Dex: 11    Spells: 0/0 levels left

rFire   . .          .
                       - Unarmed
rCold   . . .        (no shield)
rNeg    . . .        (helmet currently unavailable)
rPois   .            (no amulet)
rElec   .            (no ring)
rCorr   .            (no ring)
SInv    .            (no ring)
Will    .....        (no ring)
Stlth   ++           (no ring)
HPRegen 0.22/turn    (no ring)
MPRegen 0.07/turn    (no ring)
                     (no ring)

%: no teleportation
@: beast-form
A: beast (slay +2), almost no armour, amphibious, 8 rings, camouflage 1,
gelatinous body 1, (nimble swimmer 1), tentacles
a: Begin Untransformation


You were in the Dungeon.
You were a hulking beast.
You visited 1 branch

Inventory:

Talismans
 b - a beast talisman (active)
 c - a flux talisman
Scrolls
 i - a scroll of blinking
Potions
 a - a potion of lignification
 d - a potion of curing
 e - a potion of heal wounds
 f - a potion of haste
 g - 2 potions of magic
 h - a potion of berserk rage


   Skills:
 + Level 1.0 Fighting
 + Level 2.0 Dodging
 + Level 3.7 Unarmed Combat
 + Level 3.8 Shapeshifting


You couldn't memorise any spells.
You didn't know any spells.
Your spell library was empty.

Dungeon Overview and Level Annotations

Branches:
Dungeon (1/1)

Altars:


Innate Abilities, Weirdness & Mutations

You are a hulking beast.
Your limbs bulge with bestial killing power. (Slay +2)
You cannot wear most types of armour.
You are amphibious.
You can wear up to eight rings at the same time.
Your skin changes colour to match your surroundings (Stealth+).
Your rubbery body absorbs attacks. (AC +1, EV +1)
((You are camouflaged when in or above water. (Stealth+)))
You have tentacles for arms and can constrict up to eight enemies at once.


Message History

The ball python hisses angrily.
You tentacle-slap the endoplasm.
The endoplasm is almost dead.
You tentacle-slap the endoplasm.
You kill the endoplasm!
The jackal bites you.
You tentacle-slap the jackal. Your grab misses the jackal.
The jackal is almost dead.
The jackal completely misses you.
You tentacle-slap the jackal.
You kill the jackal!
You closely miss the rat. Your grab misses the rat.
The rat bites you but does no damage.
You closely miss the rat. Your grab misses the rat. The rat misses you.
You bludgeon the rat!
You kill the rat!
You tentacle-slap the ball python.
You kill the ball python!
You tentacle-slap the ball python. You grab the ball python.
You tentacle-slap the ball python. You squeeze the ball python.
You kill the ball python!
You open the door.
A worm, a jelly, a hound, an orc and an iguana come into view.
The jelly quivers.
The orc shouts!
The iguana hisses angrily.
You barely miss the iguana. You grab the iguana.
You tentacle-slap the iguana, but do no damage.
You constrict the iguana, but do no damage.
The iguana barely misses you.
You completely miss the iguana. You constrict the iguana. The iguana bites you.
You completely miss the iguana.
The iguana is lightly wounded.
You constrict the iguana. The iguana completely misses you.
You tentacle-slap the iguana.
The iguana is moderately wounded.
You constrict the iguana.
The orc sings a few bars from the Orcish anthem.
The iguana bites you!
Ouch! That really hurt!
You die...

▓+▓
▓.▓
▓w▓
▓J▓
▓h▓
▓o▓
▓l▓
▓h▓
▓.▓
▓.▓
▓.▓
▓.▓
▓'▓
▓.▓
▓.▓
▓.▓


You could see a worm, an iguana, a hound, a jelly and an orc.

Vanquished Creatures
  An endoplasm (D)
  A jackal (D)
  2 ball pythons (D)
  A rat (D)
5 creatures vanquished.

Notes
Turn   | Place    | Note
-------+----------+-------------------------------------------
     0 | D        | rocky1 the Octopode Shapeshifter began the quest for the
                  | Orb.
     0 | D        | Reached XP level 1. HP: 13/13 MP: 1/1
    19 | D        | Noticed a jelly
    19 | D        | Noticed a hound
    19 | D        | Noticed an iguana
    23 | D        | Slain by an iguana

Illustrated notes

Levels and vault maps discovered:
D:        linesprint [early_d, line_temple, items_1, d_10, items_2, lair_1,
          lair_end, items_3, orc_1, orc_end, items_4, d_15, swamp_1, shoals_1,
          snake_1, spider_1, d_20, vaults_1, items_5, swamp_end, shoals_end,
          snake_end, spider_end, vaults_end, d_27, items_6, zot_1, zot_end,
          crypt_end, forest_end, elf_end, slime_end, tomb_end, abyss_end,
          pan_hell_end]

Action                     || total
---------------------------++-------
  Melee: Unarmed           ||    13
         Constrict         ||     2
         Punch             ||     2
         Tentacles         ||     1
 Armour: Skin              ||     4
  Dodge: Dodged            ||     5

Table legend: (Time is in decaauts)
 A = Elapsed time spent in this place.
 B = Non-inter-level travel time spent in this place.
 C = Inter-level travel time spent in this place.
 D = Time resting spent in this place.
 E = Time spent auto-exploring this place.
 F = Levels seen in this place.
 G = Mean time per level.
                   A        B        C        D        E       F      G
               +--------+--------+--------+--------+--------+-----+--------+
         Total |     22 |     22 |      0 |      0 |      0 |   1 |   22.0 |
       Dungeon |     22 |     22 |      0 |      0 |      0 |   1 |   22.0 |
               +--------+--------+--------+--------+--------+-----+--------+

Top non-repeatable levels by time:
       D: 22 daAuts
